 Dungeon Crawl Stone Soup version 0.19-a0-981-gaae9137 (webtiles) character file.

256 matakusis the Skirmisher (level 5, -2/63 HPs)
             Began as a Demonspawn Gladiator on July 14, 2016.
             Slain by a slave (4 damage)
             ... led by Pikel
             ... on level 4 of the Dungeon.
             The game lasted 00:12:19 (3100 turns).

matakusis the Skirmisher (Demonspawn Gladiator)     Turns: 3100, Time: 00:12:19

Health: -2/63      AC: 22    Str: 17    XL:     5   Next: 92%
Magic:  5/5        EV:  2    Int: 12    God:
Gold:   185        SH:  0    Dex: 18    Spells: 0 memorised, 4 levels left

rFire  . . .     SeeInvis .     a - +1 long sword
rCold  . . .     Gourm    .     (armour currently unavailable)
rNeg   + + +     Faith    .     (no shield)
rPois  +         Spirit   .     (helmet unavailable)
rElec  .         Dismiss  +     (cloak currently unavailable)
rCorr  .         Reflect  .     (gloves currently unavailable)
SustAt +         Harm     .     (boots currently unavailable)
MR     .....     Clarity  +     t - amulet of dismissal
Stlth  +++....... NoTele   +    j - ring of sustain attributes
                                r - ring of positive energy

@: agile, tree-form (expiring), not resistant to hostile enchantments, fairly
stealthy
A: (antennae 0), rough black scales 1, clarity, clever 1, strong 1, evolution 1
a: no special abilities


You were on level 4 of the Dungeon.
You were near starving.
You were a tree.
You visited 1 branch of the dungeon, and saw 4 of its levels.

You collected 185 gold pieces.

Inventory:

Hand Weapons
 a - a +1 long sword (weapon)
Armour
 i - a +1 pair of gloves (melded)
 m - a +4 ring mail (melded)
Jewellery
 j - a ring of sustain attributes (right branch)
 r - a ring of positive energy (left branch)
 t - an amulet of dismissal (around neck)
Scrolls
 k - 2 scrolls of magic mapping
Potions
 c - 2 potions of flight
 n - a potion of cancellation
Comestibles
 f - 5 bread rations
 p - a meat ration


   Skills:
 * Level 3.9 Fighting
 + Level 3.6 Long Blades
 - Level 1.7 Throwing
 * Level 2.6 Armour
 - Level 3.4 Dodging


You had 4 spell levels left.
You didn't know any spells.

Dungeon Overview and Level Annotations

Branches:
Dungeon (4/15)
 Temple: D:4-7

Altars:
Ashenzari
Cheibriados
Okawaru
Pakellas
Qazlal
Trog

Annotations:
D:4 Pikel


Innate Abilities, Weirdness & Mutations

((You have a pair of large antennae on your head. (SInv)))
(You are partially covered in rough black scales. (AC +4, Dex -1))
You possess an exceptional clarity of mind.
Your mind is acute. (Int +2)
Your muscles are strong. (Str +2)
You evolve.


Message History

The slave barely misses you. Pikel hits you but does no damage.
The slave hits you but does no damage. The slave hits you.
* * * LOW HITPOINT WARNING * * *
You hit Pikel but do no damage.
Pikel is heavily wounded.
Your transformation is almost over.
The slave hits you.
* * * LOW HITPOINT WARNING * * *
Pikel hits you but does no damage. The slave hits you.
* * * LOW HITPOINT WARNING * * *
The slave hits you.
* * * LOW HITPOINT WARNING * * *
Okay, then.
Okay, then.
You slash the slave!
The slave is moderately wounded.
The slave hits you.
* * * LOW HITPOINT WARNING * * *
Pikel hits you but does no damage. The slave hits you.
You die...

{ #..#############
#..#(.......<..#
..#..#.#########.#
..#..#p# #
#.#..#♣########
#.#..pKp......# #
#.#...........# #.
#.#.#(..........# #.
#.#.#..#'######## #.
#......#.#########
#.####.##.#.#.......#
####.......#.#.# #.#
......###..#.#(# #.#


You could see Pikel and 3 slaves.

Vanquished Creatures
  A slave (D:4)
  Natasha (thrice) (D:3)
  2 adders
  7 gnolls
  2 oozes
  3 worms
  3 dart slugs
  3 giant geckos
  2 orcs (D:3)
  A ball python (D:3)
  3 giant cockroaches
  9 goblins
  6 hobgoblins
  6 jackals (D:2)
  A quokka (D:2)
  7 bats
  3 giant newts
  8 kobolds
  7 rats
77 creatures vanquished.

Notes
Turn   | Place    | Note
-------+----------+-------------------------------------------
     0 | D:1      | matakusis the Demonspawn Gladiator began the quest for the Orb.
     0 | D:1      | Reached XP level 1. HP: 16/16 MP: 1/1
     0 | D:1      | Noticed an ice dragon
     0 | D:1      | Noticed a shadow dragon
     1 | D:1      | Noticed an orb of fire
     3 | D:1      | Noticed a tentacled monstrosity
     5 | D:1      | Noticed an iron dragon
     6 | D:1      | Noticed a green draconian
     7 | D:1      | Noticed a tentacled monstrosity
    11 | D:1      | Noticed a green draconian
    13 | D:1      | Noticed a large abomination
    13 | D:1      | Noticed an iron dragon
    15 | D:1      | Noticed a shadow dragon
    15 | D:1      | Noticed a tentacled monstrosity
    15 | D:1      | Noticed a tentacled monstrosity
    17 | D:1      | Noticed a tentacled monstrosity
    17 | D:1      | Noticed a green draconian
    19 | D:1      | Noticed an ice dragon
    19 | D:1      | Noticed a large abomination
    21 | D:1      | Noticed a red draconian
   136 | D:1      | Gained mutation: You have a pair of small antennae on your head. [demonic ancestry]
   136 | D:1      | Reached XP level 2. HP: 16/22 MP: 2/2
   534 | D:1      | Gained mutation: You are partially covered in rough black scales. (AC +4, Dex -1) [demonic ancestry]
   534 | D:1      | Reached XP level 3. HP: 24/27 MP: 3/3
  1247 | D:2      | Reached skill level 1 in Armour
  1267 | D:2      | Gained mutation: You have a pair of antennae on your head. [demonic ancestry]
  1267 | D:2      | Reached XP level 4. HP: 19/34 MP: 4/4
  1625 | D:2      | Found an oddly glowing altar of Pakellas.
  1816 | D:2      | Found a snail-covered altar of Cheibriados.
  1961 | D:2      | Gained mutation: You evolve. [potion of mutation]
  1961 | D:2      | Gained mutation: You have a pair of large antennae on your head. (SInv) [potion of mutation]
  1961 | D:2      | Gained mutation: Your muscles are strong. (Str +2) [potion of mutation]
  1962 | D:2      | Gained mutation: Your mind is acute. (Int +2) [potion of mutation]
  2261 | D:3      | Reached XP level 5. HP: 41/41 MP: 5/5
  2351 | D:3      | Found an iron altar of Okawaru.
  2459 | D:3      | Noticed Natasha
  2468 | D:3      | Killed Natasha
  2633 | D:3      | Noticed Natasha
  2644 | D:3      | Killed Natasha
  2708 | D:3      | Found a shattered altar of Ashenzari.
  2748 | D:3      | Found a stormy altar of Qazlal.
  2750 | D:3      | Found a bloodstained altar of Trog.
  2757 | D:3      | Noticed Natasha
  2760 | D:3      | Killed Natasha
  2989 | D:4      | Noticed a slave
  2989 | D:4      | Noticed a slave
  3032 | D:4      | Gained mutation: You possess an exceptional clarity of mind. [evolution]
  3056 | D:4      | Noticed a slave
  3060 | D:4      | Noticed Pikel
  3061 | D:4      | Noticed a slave
  3063 | D:4      | Killed a slave
  3070 | D:4      | HP: 1/42 [slave[Pikel] (8)]
  3099 | D:4      | HP: 3/63 [slave[Pikel] (3)]
  3100 | D:4      | Slain by a slave

Vault maps used:
D:1:      shiori_arrival_whats_in_store_for_you
D:2:      kennysheep_slug_shrine, grunt_pakellas_basics, minmay_misc_feat_doors
D:3:      nicolae_overflow_hidden_temple, first_bread, uniq_natasha
D:4:      kiku_gazebo_garden_becter, uniq_pikel

Skill      XL: |  1  2  3  4  5 |
---------------+----------------+-----
Dodging        | 3 |  3.4
Long Blades    | 3 |  3.6
Armour         | 1 2 |  2.6
Fighting       | 3 |  3.9
Throwing       | |  1.7

Action                   |  1- 3 |  4- 6 || total
-------------------------+-------+-------++-------
Melee: Long sword        |   142 |   191 ||   333
Throw: Throwing net      |       |     4 ||     4
  Use: Scroll            |       |    11 ||    11
       Potion            |       |     8 ||     8
  Eat: Chunk             |     1 |     5 ||     6
Armor: Leather armour    |    49 |    35 ||    84
       Skin              |       |    91 ||    91
       Ring mail         |       |    36 ||    36
Dodge: Dodged            |    91 |   106 ||   197
